 Dungeon Crawl Stone Soup version 0.21-a0-221-gfe971b9 (webtiles) character file.

1602 Maesen the Covert (level 8, -4/36 HPs)
             Began as a Spriggan Enchanter on Aug 26, 2017.
             Was a Believer of Dithmenos.
             Slain by an orc warrior (18 damage)
             ... on level 6 of the Dungeon.
             The game lasted 00:21:54 (9884 turns).

Maesen the Covert (Spriggan Enchanter)              Turns: 9884, Time: 00:21:55

Health: -4/36      AC:  4    Str:  5    XL:     8   Next: 62%
Magic:  16/18      EV: 18    Int: 17    God:    Dithmenos [**....]
Gold:   324        SH:  0    Dex: 17    Spells: 7/19 levels left

rFire    . . .     SeeInvis +   o - +4 dagger (venom)
rCold    . . .     Gourm    .   (shield restricted)
rNeg     + . .     Faith    .   n - +2 robe {MR+}
rPois    .         Spirit   .   (helmet restricted)
rElec    .         Reflect  .   (no cloak)
rCorr    .         Harm     .   (gloves unavailable)
MR       ++...                  (boots unavailable)
Stlth    ++++++++..             (no amulet)
HPRegen  0.12/turn              p - ring of positive energy
MPRegen  0.16/turn              (no ring)

@: wreathed by umbra, very quick
A: unfitting armour, see invisible, herbivore 3, speed 3, slow metabolism 2
a: Shadow Step, Renounce Religion


You were on level 6 of the Dungeon.
You worshipped Dithmenos.
Dithmenos was pleased with you.
You were not hungry.

You visited 1 branch of the dungeon, and saw 6 of its levels.

You collected 324 gold pieces.

Inventory:

Hand Weapons
 a - a +1 dagger
 g - a +2 short sword of venom
 o - a +4 dagger of venom (weapon)
Armour
 n - a +2 robe of magic resistance (worn)
Jewellery
 p - a ring of positive energy (left hand)
Wands
 f - a wand of paralysis (14/24)
Scrolls
 h - a scroll of recharging
 k - 2 scrolls of remove curse
Potions
 i - a potion of brilliance
 j - 2 potions of curing
 l - a potion of resistance
 m - a potion of lignification {unknown}
Books
 c - a book of Maledictions

   Spells                             Type                      Level
   a - Corona                         Hexes                        1
   b - Ensorcelled Hibernation        Hexes/Ice                    2
   c - Confuse                        Hexes                        3
   d - Tukima's Dance                 Hexes                        3
   e - Dazzling Spray                 Conjuration/Hexes            3
Comestibles
 d - a bread ration


   Skills:
 - Level 1.1 Short Blades
 - Level 3.0 Dodging
 + Level 13.8 Stealth
 - Level 6.0 Spellcasting
 - Level 6.4 Hexes


You had 7 spell levels left.
You knew the following spells:

 Your Spells              Type           Power        Failure   Level  Hunger
a - Ensorcelled Hibernat  Hex/Ice        ###...       5%          2    None
b - Corona                Hex            ####...      1%          1    None
c - Confuse               Hex            ####....     2%          3    ##.....
d - Tukima's Dance        Hex            ####....     2%          3    ##.....
e - Dazzling Spray        Conj/Hex       ###...       11%         3    ##.....


Dungeon Overview and Level Annotations

Branches:
Dungeon (6/15)
 Temple: D:4-7

Altars:
Ashenzari
Cheibriados
Dithmenos
Fedhas
Nemelex Xobeh
Qazlal
Ru
Wu Jian
The Shining One

Shops:
D:4 *


Innate Abilities, Weirdness & Mutations

You are very small and have problems with some larger weapons.
You are too small for most types of armour.
You have supernaturally acute eyesight. (SInv)
You are a herbivore.
You cover ground extremely quickly.
You need consume almost no food.


Message History

Casting: Tukima's Dance
Confirm with . or Enter, or press ? or * to list all spells.
Aiming: Tukima's Dance
Press: ? - help, Shift-Dir - straight line, f - orc warrior
Aim: an orc warrior, wielding a halberd and wearing a plate armour (resting, chance to defeat MR: 67%)
The orc warrior shouts!
The halberd dances into the air!
You barely miss the orc warrior. The orc warrior hits you.
You hit the orc warrior but do no damage.
The orc warrior is poisoned.
Your halberd barely misses the orc warrior.
You hit the orc warrior.
The orc warrior is lightly wounded.
The orc warrior hits you!
You are too injured to fight recklessly!
You hit the orc warrior.
The orc warrior is moderately wounded.
The orc warrior hits you!!
Ouch! That really hurt!
You die...

#.....###.#.########
#...........<......#
#..........#######.#
#......#####
######.#####
............#
###########.# #.##
#@.# #o...# #..(.#
#.....# ##....#
....# ##..# #.#


You could see an orc warrior and a friendly halberd.

Vanquished Creatures
  The ghost of Leibowitz the Cutter, an amateur KoGl of Trog (D:5)
  Edmund (D:5)
  Duvessa (D:5)
  A sky beast (D:5)
  2 ice beasts (D:5)
  An ogre (D:5)
  A big kobold (D:5)
  Dowan (D:4)
  A jelly (D:5)
  A bullfrog zombie (D:5)
  A quasit (D:5)
  A hound (D:5)
  An orc priest (D:5)
  An iguana (D:5)
  Ijyb (D:3)
  Natasha (thrice) (D:2)
  2 orc wizards
  2 worker ants (D:5)
  6 gnolls
  10 adders
  An adder zombie (D:5)
  2 oozes
  An adder skeleton (D:5)
  A worm (D:2)
  2 dart slugs
  4 leopard geckos
  10 orcs
  2 ball pythons
  13 bats
  5 giant cockroaches
  26 goblins
  29 hobgoblins
  15 jackals
  4 quokkas
  3 frilled lizards
  14 kobolds
  9 rats
180 creatures vanquished.

Vanquished Creatures (others)
  A hobgoblin (D:4)
1 creature vanquished.

Grand Total: 181 creatures vanquished

Notes
Turn   | Place    | Note
-------+----------+-------------------------------------------
     0 | D:1      | Maesen the Spriggan Enchanter began the quest for the Orb.
     0 | D:1      | Reached XP level 1. HP: 9/9 MP: 5/5
   621 | D:1      | Reached XP level 2. HP: 13/13 MP: 7/7
   637 | D:1      | Learned a level 2 spell: Ensorcelled Hibernation
  1406 | D:2      | Reached XP level 3. HP: 16/16 MP: 9/9
  1411 | D:2      | Learned a level 3 spell: Confuse
  1415 | D:2      | Learned a level 3 spell: Tukima's Dance
  1421 | D:2      | Found a sparkling altar of Nemelex Xobeh.
  1440 | D:2      | Noticed Natasha
  1744 | D:2      | Reached XP level 4. HP: 17/21 MP: 4/11
  1962 | D:2      | Killed Natasha
  1962 | D:2      | Reached skill level 5 in Hexes
  2190 | D:2      | Noticed Natasha
  2259 | D:2      | Killed Natasha
  2259 | D:2      | Reached skill level 5 in Spellcasting
  2259 | D:2      | Reached XP level 5. HP: 24/24 MP: 9/13
  2440 | D:2      | Noticed Natasha
  2448 | D:2      | Killed Natasha
  3788 | D:3      | Noticed Ijyb
  3797 | D:3      | Killed Ijyb
  4024 | D:3      | Found a glowing golden altar of the Shining One.
  4210 | D:3      | Found a shadowy altar of Dithmenos.
  4214 | D:3      | Became a worshipper of Dithmenos the Shadowed
  4672 | D:4      | Learned a level 3 spell: Dazzling Spray
  4776 | D:4      | Found a stormy altar of Qazlal.
  4855 | D:4      | Reached XP level 6. HP: 18/28 MP: 15/15
  5175 | D:4      | Found Gasyat's General Store.
  5700 | D:4      | Found a sacrificial altar of Ru.
  5775 | D:5      | Entered Level 5 of the Dungeon
  5791 | D:5      | Reached skill level 5 in Stealth
  5967 | D:5      | Noticed an ice beast
  5979 | D:5      | Killed an ice beast
  5979 | D:5      | Reached skill level 6 in Stealth
  6045 | D:5      | Found a shattered altar of Ashenzari.
  6054 | D:5      | Reached skill level 7 in Stealth
  6087 | D:5      | Noticed Edmund
  6103 | D:5      | Killed Edmund
  6103 | D:5      | Reached skill level 8 in Stealth
  6103 | D:5      | Reached XP level 7. HP: 20/32 MP: 6/17
  6222 | D:5      | Reached * piety under Dithmenos
  6227 | D:5      | Reached skill level 9 in Stealth
  6375 | D:5      | Noticed Dowan
  6376 | D:5      | Noticed Duvessa
  6395 | D:5      | Noticed Leibowitz's ghost (amateur KoGl)
  6822 | D:4      | Reached skill level 10 in Stealth
  7299 | D:5      | Killed Duvessa
  7304 | D:4      | Killed Dowan
  7304 | D:4      | Reached skill level 11 in Stealth
  7621 | D:5      | Found a snail-covered altar of Cheibriados.
  7705 | D:5      | Reached XP level 8. HP: 10/36 MP: 6/18
  8016 | D:5      | Reached ** piety under Dithmenos
  8049 | D:5      | Killed Leibowitz's ghost
  8049 | D:5      | Reached skill level 12 in Stealth
  8268 | D:5      | Reached skill level 13 in Stealth
  8673 | D:5      | Found a blossoming altar of Fedhas.
  8716 | D:5      | Found an ornate altar of the Wu Jian Council.
  9884 | D:6      | Slain by an orc warrior

Vault maps used:
D:1:      dpeg_arrival_prison
D:2:      nemelex_xobeh_ov_fountains_minmay, first_bread,
          lightli_corner_chamber, uniq_natasha
D:3:      old_standard_altar, grunt_dithmenos_smoke_and_mirrors, uniq_ijyb
D:4:      nicolae_ru_path_of_blood, serial_shops, shop, grunt_qazlal_clouds
D:5:      minmay_goblin_kobold_castle, kennysheep_little_box,
          kennysheep_slug_shrine, evilmike_ruin_ashenzari, fedhas_altar_4,
          uniq_duvessa, uniq_edmund
D:6:      minmay_opposing_rooms, elyvilon_altar_5, temple_hall,
          gup_sewer_entry_spiral, basic_altar, minmay_misc_feat_chi,
          uniq_eustachio, uniq_crazy_yiuf_cottage, uniq_pikel, uniq_sigmund

Skill      XL: |  1  2  3  4  5  6  7  8 |
---------------+-------------------------+-----
Spellcasting   | 3 4 5 6 |  6.0
Hexes          | 4 5 6 |  6.4
Stealth        | 8 11 13 | 13.8
Short Blades   | |  1.1
Dodging        | |  3.0

Action                   |  1- 3 |  4- 6 |  7- 9 || total
-------------------------+-------+-------+-------++-------
Melee: Dagger            |    58 |   169 |   255 ||   482
       Short sword       |       |    14 |       ||    14
 Cast: Corona            |     3 |       |       ||     3
       Ensorcelled Hiber |    17 |    22 |    11 ||    50
       Confuse           |       |    12 |    18 ||    30
       Dazzling Spray    |       |     8 |     9 ||    17
       Tukima's Dance    |       |       |     8 ||     8
  Use: Scroll            |     1 |    10 |     3 ||    14
       Potion            |       |     1 |     6 ||     7
 Stab: Sleeping          |    24 |    23 |     6 ||    53
       Confused          |       |     5 |     4 ||     9
       Invisible         |       |     1 |     2 ||     3
       Distracted        |       |       |     2 ||     2
  Eat: Bread ration      |       |     1 |     1 ||     2
       Royal jelly       |       |     1 |       ||     1
Armor: Robe              |     4 |    14 |    30 ||    48
Dodge: Dodged            |    34 |   171 |   320 ||   525

Table legend:
 A = Spawn XP
 B = Non-spawn XP
 C = Spawn XP percentage of total XP
 D = Spawn monster count
 E = Non-spawn monster count
 F = Spawn count percentage of total count
 G = Total turns spent on level
                    A         B        C        D         E        F      G
               +---------+---------+-------+---------+---------+-------+---------
         Total |     290 |    1999 |  12.7 |      20 |     160 |  11.1 |  9884
               +---------+---------+-------+---------+---------+-------+---------
           D:1 |       6 |      35 |  14.6 |       3 |      18 |  14.3 |  1636
           D:2 |      35 |     211 |  14.2 |       8 |      29 |  21.6 |  1956
           D:3 |       1 |      64 |   1.5 |       1 |      18 |   5.3 |   955
           D:4 |       0 |     196 |   0.0 |       0 |      21 |   0.0 |  2749
           D:5 |     248 |    1493 |  14.2 |       8 |      74 |   9.8 |  2565
               +---------+---------+-------+---------+---------+-------+---------
